cohdb
Replays
Latest Replays
All Replays
Popular Replays
Top Player Replays
Match Explorer
How It Works
Community
CoH3 Stats
Reddit
Sign in to upload your games and track your stats! →
Sign in with Steam
Match 29064791
Unlisted
Match 29064791
Overview
Messages
Build Orders
End
Panzergrenadier Squad
250 Light Carrier
Panzergrenadier Squad
Construct Light Support Kompanie
Combat Half-tracks
Fire Support Elements
Selects Armored Support Battlegroup
Selects Veteran Gunners
Panzerjäger Squad
Construct Panzerarmee Kommand
Forward Retreat Point
2.5-tonne Medical Truck
Emergency Repair Kits
Panzer III L Medium Tank
Selects Salvage Kits
Selects Salvage Kits
Panzer III L Medium Tank
Tungsten Core Ammunition
K9 VIDAR
Wanton_Endangerment999
Masang
jhclover
Sawyerz
Friendly Mouse(Poxie)
gameing
김문상
0
0
Comments
sign in to comment!
No comments posted yet!